 Dungeon Crawl Stone Soup version 0.26.0-15-gc6cd9f700b (webtiles) character file.

Game seed: 587810701377222238

15 jackrogers the Sneak (level 2, 0/19 HPs)
             Began as a Gargoyle Delver on Jan 17, 2021.
             Slain by a sky beast (1 damage)
             ... on level 5 of the Dungeon.
             The game lasted 00:00:36 (406 turns).

jackrogers the Sneak (Gargoyle Delver)               Turns: 406, Time: 00:00:37

Health: 0/19       AC:  6    Str: 15    XL:     2   Next: 50%
Magic:  2/2        EV: 11    Int: 10    God:
Gold:   0          SH:  0    Dex: 11    Spells: 1/1 levels left

rFire    . . .     SeeInvis .   a - +0 falchion
rCold    . . .     Faith    .   (no shield)
rNeg     + . .     Spirit   .   b - +1 leather armour
rPois    ∞         Reflect  .   (no helmet)
rElec    +         Harm     .   (no cloak)
rCorr    .         Rampage  .   (no gloves)
Will     .....                  (no boots)
Stlth    +++.......             (no amulet)
HPRegen  0.06/turn              (no ring)
MPRegen  0.08/turn              (no ring)

@: no status effects
A: negative energy resistance 1, electricity resistance, unbreathing,
petrification resistance, miasma immunity, AC +2
a: no special abilities


You were on level 5 of the Dungeon.
You visited 1 branch of the dungeon, and saw 1 of its levels.

Inventory:

Hand Weapons
 a - a +0 falchion (weapon)
Armour
 b - a +1 leather armour (worn)
Wands
 g - a wand of digging (3)
Scrolls
 c - a scroll of fog
 d - a scroll of magic mapping {!r}
 e - a scroll of fear
Potions
 f - a potion of haste
 h - a potion of berserk rage {unknown}
 i - a potion of curing {unknown}


   Skills:
 - Level 3.2 Fighting
 + Level 2.7 Long Blades
 - Level 1.5 Dodging
 - Level 5.4 Stealth


You had one spell level left.
You didn't know any spells.
Your spell library was empty.

Dungeon Overview and Level Annotations

Branches:
Dungeon (5/15)
 Temple: D:4-7

Altars:


Innate Abilities, Weirdness & Mutations

You are resistant to torment.
Your stone body is resilient. (AC +2)
You are immune to poison.
You resist negative energy. (rN+)
You are resistant to electric shocks. (rElec)
You can survive without breathing.
You are immune to petrification.
You are immune to miasma.


Message History

* * * LOW HITPOINT WARNING * * *
You slash the adder!
You kill the adder!
Your Long Blades skill increases to level 2!
You have reached level 2!
The ufetubus closely misses you.
You riposte.
You hit the ufetubus. The ufetubus barely misses you.
You closely miss the ufetubus.
The ufetubus hits you but does no damage. x3
The ufetubus barely misses you.
You barely miss the ufetubus. The ufetubus completely misses you.
The ufetubus hits you.
* * * LOW HITPOINT WARNING * * *
You completely miss the ufetubus. The ufetubus hits you.
* * * LOW HITPOINT WARNING * * *
The ufetubus misses you. The ufetubus barely misses you.
The ufetubus closely misses you.
You hit the ufetubus.
You kill the ufetubus!
You see here an adder corpse.
Unknown command.
You start resting.
h - a scroll labelled ELYHOHEMAXI
As you read the scroll labelled ELYHOHEMAXI, it crumbles to dust.
It is a scroll of enchant armour.
Your +0 leather armour glows green for a moment.
A phantom comes into view.
Spoiler Alert: The phantom (dormant) can hit for moderate damage in melee and blinks!
A phantom is nearby!
Spoiler Alert: The phantom (dormant) can hit for moderate damage in melee and blinks!
A phantom is nearby!
Spoiler Alert: The phantom (dormant) can hit for moderate damage in melee and blinks!
Spoiler Alert: The phantom (dormant) can hit for moderate damage in melee and blinks!
There is a stone staircase leading down here.
You open the door.
There is an open door here.
h - a yellow potion
i - an emerald potion You open the door.
A sky beast comes into view.
The sky beast flickers out of sight!
Deactivating autopickup; reactivate with Ctrl-A.
There is an open door here.
Something hits you. Something shocks you. You resist.
You barely miss something. Something hits you. Something shocks you.
You resist. Something hits you but does no damage.
You closely miss something. Something hits you. Something shocks you.
You resist.
You miss something. Something hits you.
* * * LOW HITPOINT WARNING * * *
Something shocks you. You resist.
* * * LOW HITPOINT WARNING * * *
You hit something.
A sky beast appears from thin air!
Reactivating autopickup.
The sky beast hits you but does no damage.
Okay, then.
You closely miss the sky beast.
The sky beast hits you but does no damage.
You barely miss the sky beast.
The sky beast hits you but does no damage.
You hit the sky beast. The sky beast closely misses you.
The sky beast hits you but does no damage.
You hit the sky beast but do no damage. The sky beast closely misses you.
You hit the sky beast.
The sky beast flickers out of sight!
Deactivating autopickup; reactivate with Ctrl-A.
Something hits you but does no damage.
You completely miss something. Something hits you but does no damage.
You barely miss something. Something hits you but does no damage.
You completely miss something. Something hits you but does no damage.
You hit something.
A sky beast appears from thin air!
Reactivating autopickup.
The sky beast closely misses you.
The sky beast hits you but does no damage.
Unknown command.
You miss the sky beast.
The sky beast hits you but does no damage.
You hit the sky beast.
The sky beast hits you but does no damage.
You closely miss the sky beast. The sky beast barely misses you.
You hit the sky beast.
The sky beast flickers out of sight!
Deactivating autopickup; reactivate with Ctrl-A.
Something hits you but does no damage.
You miss something.
A sky beast appears from thin air!
Reactivating autopickup.
The sky beast closely misses you. x2
You hit the sky beast but do no damage. The sky beast closely misses you.
You closely miss the sky beast.
The sky beast hits you but does no damage.
You hit the sky beast. The sky beast closely misses you.
You barely miss the sky beast.
The sky beast hits you but does no damage.
You barely miss the sky beast. The sky beast closely misses you.
You hit the sky beast.
The sky beast hits you but does no damage.
The sky beast hits you.
* * * LOW HITPOINT WARNING * * *
The sky beast shocks you. You resist.
* * * LOW HITPOINT WARNING * * *
You hit the sky beast. The sky beast hits you.
You die...

#.# ##.#....>.... #.#
#.#######... ### #.#
#.# #.## ... #.#
##'## #.# # #.###.#
##...## #.# .....#.#
##.....## #.## #.#..
##.......## #..#
#^...####.........#
#..#
#.....Y@'.........+
#...
.......####.........#
#... #...#.#
##.......## #... ##.
## ##.....## ####
##...## ##+##


You could see a sky beast.

Vanquished Creatures
  An adder (D:5)
  An ufetubus (D:5)
2 creatures vanquished.

Notes
Turn   | Place    | Note
-------+----------+-------------------------------------------
     0 | D:5      | jackrogers the Gargoyle Delver began the quest for the Orb.
     0 | D:5      | Reached XP level 1. HP: 14/14 MP: 1/1
    44 | D:5      | Reached skill level 2 in Long Blades
    44 | D:5      | Reached XP level 2. HP: 6/19 MP: 2/2
    47 | D:5      | HP: 2/19 [ufetubus (3)]
   349 | D:5      | Noticed a phantom
   376 | D:5      | Noticed a sky beast
   382 | D:5      | HP: 4/19 [something (1)]
   405 | D:5      | HP: 2/19 [sky beast (4)]
   406 | D:5      | Slain by a sky beast

Illustrated notes

Levels and vault maps discovered:
D:5:      minmay_recursive_quarters, layout_loops_corners, led_xom_imps,
          serial_shops, nicolae_shop_window_shopping, gammafunk_ghost_split,
          grunt_decor_arrowhead

Skill      XL: |  1 |
---------------+----+-----
Long Blades    | 2 |  2.7
Fighting       | |  3.2
Dodging        | |  1.5
Stealth        | |  5.4

Action                   || total
-------------------------++-------
Melee: Falchion          ||    33
  Use: Scroll            ||     1
Armor: Leather armour    ||    19
Dodge: Dodged            ||    17
       Rpst.: Falchion   ||     1

Table legend: (Time is in decaauts)
 A = Elapsed time spent in this place.
 B = Non-inter-level travel time spent in this place.
 C = Inter-level travel time spent in this place.
 D = Time resting spent in this place.
 E = Time spent auto-exploring this place.
 F = Levels seen in this place.
 G = Mean time per level.
                   A        B        C        D        E       F      G
               +--------+--------+--------+--------+--------+-----+--------+
         Total |    411 |    411 |      0 |    269 |     55 |   1 |  411.0 |
       Dungeon |    411 |    411 |      0 |    269 |     55 |   1 |  411.0 |
               +--------+--------+--------+--------+--------+-----+--------+

Top non-repeatable levels by time:
     D:5: 411 daAuts

Table legend:
 A = Kills in this place as a percentage of kills in entire the game.
 B = Kills by you in this place as a percentage of kills by you in the entire game.
 C = Kills by friends in this place as a percentage of kills by friends in the entire game.
 D = Other kills in this place as a percentage of other kills in the entire game.
 E = Experience gained in this place as a percentage of experience gained in the entire game.
 F = Experience gained in this place divided by the number of levels of this place that you have seen.
                   A       B       C       D       E      F
               +-------+-------+-------+-------+-------+----------------------
         Total | 100.0 | 100.0 |   N/A |   N/A | 100.0 |  22.0
       Dungeon | 100.0 | 100.0 |   N/A |   N/A | 100.0 |  22.0
               +-------+-------+-------+-------+-------+----------------------
